 Dungeon Crawl Stone Soup version 0.28-a0-1080-g05a166d0ed (webtiles) character file.

Game seed: 4095183863978730917

2 enile the Vexing (level 1, -1/14 HPs)
             Began as a Barachi Wanderer on Dec 10, 2021.
             Slain by a giant cockroach (2 damage)
             ... on level 1 of the Dungeon.
             The game lasted 00:01:17 (223 turns).

enile the Vexing (Barachi Wanderer)                  Turns: 223, Time: 00:01:17

Health: -1/14      AC:  3    Str: 16    XL:     1   Next: 30%
Magic:  3/3        EV: 11    Int: 12    God:
Gold:   0          SH:  0    Dex:  8    Spells: 4/4 levels left

rFire   x . .      SeeInvis .   a - +0 club
rCold   + . .      Faith    .   (no shield)
rNeg    . . .      Spirit   .   b - +0 robe
rPois   .          Reflect  .   (no helmet)
rElec   .          Harm     .   (no cloak)
rCorr   .          Rampage  .   (no gloves)
Will    .....                   d - +0 pair of boots {Stlth+}
Stlth   ++........              (no amulet)
HPRegen 0.04/turn               c - ring of ice
MPRegen 0.08/turn               (no ring)

@: unable to hop, slow
A: amphibious, slowness 1, strong legs 1, +LOS
a: Hop


You were on level 1 of the Dungeon.
You visited 1 branch of the dungeon, and saw 1 of its levels.

Inventory:

Hand Weapons
 a - a +0 club (weapon)
Armour
 b - a +0 robe (worn)
 d - a +0 pair of boots of stealth (worn)
Jewellery
 c - a ring of ice (left hand)
Potions
 e - a potion of degeneration {unknown}


   Skills:
 + Level 0.8 Fighting
 - Level 1.2 Long Blades
 - Level 1.0 Throwing
 - Level 1.1 Dodging
 - Level 1.0 Stealth
 - Level 1.1 Shields
 - Level 2.1 Spellcasting
 - Level 2.1 Hexes
 - Level 1.1 Translocations


You had 4 spell levels left.
You didn't know any spells.
Your spell library contained the following spells:

 Spells                   Type           Power      Damage    Failure   Level
 Ensorcelled Hibernation  Hex/Ice        10%        N/A       26%         2
 Confusing Touch          Hex            6%         N/A       32%         3
 Tukima's Dance           Hex            6%         N/A       32%         3
 Passwall                 Tmut/Erth      0%         N/A       38%         2
 Poisonous Vapours        Pois/Air       2%         N/A       38%         2
 Static Discharge         Conj/Air       1%         N/A       38%         2
 Wereblood                Tmut           1%         N/A       38%         2
 Dazzling Flash           Conj/Hex       6%         N/A       45%         3


Dungeon Overview and Level Annotations

Branches:
Dungeon (1/15)

Altars:


Innate Abilities, Weirdness & Mutations

You are amphibious.
You cover ground slowly.
You can hop short distances.
You have an extended range of vision and can be seen from far away.


Message History

The giant cockroach barely misses you.
The giant cockroach bites you but does no damage.
The giant cockroach bites you but does no damage.
The giant cockroach waves its antennae.
The giant cockroach barely misses you. The giant cockroach misses you.
The giant cockroach bites you but does no damage.
The giant cockroach barely misses you.
You barely miss the giant cockroach. The giant cockroach closely misses you.
You completely miss the giant cockroach.
The giant cockroach bites you but does no damage.
The giant cockroach closely misses you.
You hit the giant cockroach.
The giant cockroach is moderately wounded.
The giant cockroach bites you but does no damage.
The giant cockroach misses you.
You hit the giant cockroach but do no damage.
The giant cockroach is moderately wounded.
The giant cockroach bites you but does no damage.
The giant cockroach closely misses you.
You hit the giant cockroach but do no damage.
The giant cockroach is moderately wounded.
The giant cockroach barely misses you.
You barely miss the giant cockroach.
The giant cockroach is moderately wounded.
You are ready to hop once more.
The giant cockroach bites you but does no damage. x2
You hit the giant cockroach but do no damage.
The giant cockroach is lightly wounded.
The giant cockroach bites you.
* * * LOW HITPOINT WARNING * * *
The giant cockroach bites you but does no damage.
Hop to where?
Press: ? - help, Dir - move target Boing!
You completely miss the giant cockroach.
The giant cockroach misses you.
You hit the giant cockroach but do no damage.
The giant cockroach bites you.
You die...

#####...#
#...#.#########
#.#.#.#....l..#
######'#.#.#.#####l#
#........#.#)....#.#
#........#.#.#.....#
#..................# .
#........#...###...# ..
#.........@B.l.....#
...
##.......#.........#
#..#..#.#.#.#########.#
#...###.l#..†....l...#
.#..#..#.############
#...#### #..#..#.#
#...###.B.# #..#.
#.l#.#


You could see a giant cockroach and a frilled lizard.

Vanquished Creatures
  A giant cockroach (D:1)
  A bat (D:1)
2 creatures vanquished.

Notes
Turn   | Place    | Note
-------+----------+-------------------------------------------
     0 | D:1      | enile the Barachi Wanderer began the quest for the Orb.
     0 | D:1      | enile set off with the following items: a +0 club, a +0
                  | robe; and the following spells available to memorise:
                  | Ensorcelled Hibernation, Confusing Touch, Tukima's Dance,
                  | Passwall, Poisonous Vapours, Static Discharge, Wereblood,
                  | Dazzling Flash
     0 | D:1      | Reached XP level 1. HP: 13/13 MP: 3/3
   223 | D:1      | Slain by a giant cockroach

Illustrated notes

Levels and vault maps discovered:
D:1:      mrwooster_arrival_arrow, layout_basic, kennysheep_doodads, hex_medium

Action                   || total
-------------------------++-------
Melee: Club              ||    40
 Abil: Hop               ||     2
 Stab: Sleeping          ||     1
Armor: Robe              ||    30
Dodge: Dodged            ||    62

Table legend: (Time is in decaauts)
 A = Elapsed time spent in this place.
 B = Non-inter-level travel time spent in this place.
 C = Inter-level travel time spent in this place.
 D = Time resting spent in this place.
 E = Time spent auto-exploring this place.
 F = Levels seen in this place.
 G = Mean time per level.
                   A        B        C        D        E       F      G
               +--------+--------+--------+--------+--------+-----+--------+
         Total |    263 |    263 |      0 |      0 |    142 |   1 |  263.0 |
       Dungeon |    263 |    263 |      0 |      0 |    142 |   1 |  263.0 |
               +--------+--------+--------+--------+--------+-----+--------+

Top non-repeatable levels by time:
     D:1: 263 daAuts
